 Dungeon Crawl Stone Soup version 0.31-a0-1009-g454b1f1e0a (webtiles) character file.

Game seed: 17606756781665821124

478 Queen the Shield-Bearer (level 7, 0/55 HPs)
             Began as a Formicid Fighter on Nov 15, 2023.
             Killed from afar by Blork the orc (6 damage)
             ... with a puff of frost
             ... on level 4 of the Dungeon.
             The game lasted 00:05:03 (3662 turns).

Queen the Shield-Bearer (Formicid Fighter)          Turns: 3662, Time: 00:05:04

Health: 0/55       AC:  7    Str: 23    XL:     7   Next: 33%
Magic:  16/16      EV:  9    Int:  7    God:
Gold:   116        SH:  5    Dex: 13    Spells: 6/6 levels left

rFire   + . .        a - +0 war axe
rCold   . . .        c - +0 buckler
rNeg    . . .        b - +0 scale mail
rPois   .            (helmet unavailable)
rElec   .            (no cloak)
rCorr   .            (no gloves)
SInv    +            (no boots)
Will    .....        (no amulet) Stlth
                     p - ring of protection from fire
HPRegen 0.29/turn    i - ring of magical power
MPRegen 0.15/turn

%: no passive effects
@: no status effects
A: permanent stasis, dig shafts and tunnels, antennae 3, four strong arms
a: Dig, Shaft Self


You were on level 4 of the Dungeon.
You visited 1 branch of the dungeon, and saw 4 of its levels.

You collected 116 gold pieces.

Inventory:

Hand Weapons
 a - a +0 war axe (weapon)
Missiles
 j - 11 poisoned darts
 m - 2 javelins
Armour
 b - a +0 scale mail (worn)
 c - a +0 buckler (worn)
Jewellery
 i - a ring of magical power (right hand)
 p - a ring of protection from fire (left hand)
Wands
 q - a wand of polymorph (9)
Scrolls
 d - a scroll of vulnerability {unknown}
 f - a scroll of poison {unknown}
 h - a scroll of brand weapon {unknown}
 k - a scroll of fear
 n - a scroll of noise {unknown}
 r - a scroll of enchant weapon {unknown}
 s - a scroll of teleportation {unknown}
Potions
 e - 3 potions of curing
 g - 2 potions of attraction
 l - a potion of mutation
 o - a potion of haste {unknown}
 t - a potion of brilliance {unknown}
 u - a potion of degeneration {unknown}
 v - a potion of might


   Skills:
 + Level 4.8 Fighting
 + Level 3.7 Axes
 + Level 2.8 Throwing
 + Level 4.7 Armour
 + Level 5.8 Shields


You had 6 spell levels left.
You didn't know any spells.
Your spell library was empty.

Dungeon Overview and Level Annotations

Branches:
Dungeon (4/15)
 Temple: D:4-7

Altars:

Annotations:
D:4 Blork the orc


Innate Abilities, Weirdness & Mutations

You cannot be hasted, slowed, berserked, paralysed or teleported.
You can dig through walls and to a lower floor.
You have a pair of large antennae on your head. (SInv)
Your four strong arms can wield two-handed weapons with a shield.


Message History

There is an open door here.
Key pressed, stopping explore.
v - a potion of might
There is an open door here.
Found 4 stones.
Blork the orc comes into view.
He is wielding a +2 halberd of freezing.
Blork the orc shouts!
Blork the orc is nearby!
Blork the orc is nearby!
Blork the orc is nearby!
Blork the orc miscasts a cantrip.
Blork the orc barely misses you.
Blork the orc gestures wildly while chanting.
Blork the orc seems to speed up.
You slash Blork the orc!
Blork the orc is heavily wounded.
Blork the orc hits you with a +2 halberd of freezing!
Blork the orc freezes you.
Blork the orc hits you with a +2 halberd of freezing.
Blork the orc freezes you.
You take 19 damage, and have 36/55 hp.
MASSIVE DAMAGE!!
You hit Blork the orc.
Blork the orc is heavily wounded.
Blork the orc hits you with a +2 halberd of freezing!
Blork the orc freezes you.
Blork the orc hits you with a +2 halberd of freezing!
* * * LOW HITPOINT WARNING * * *
Blork the orc freezes you.
* * * LOW HITPOINT WARNING * * *
You take 27 damage, and have 9/55 hp.
MASSIVE DAMAGE!!
You hit Blork the orc.
Blork the orc is severely wounded.
Blork the orc screams, "I'll rip your head off!"
Blork the orc hits you with a +2 halberd of freezing.
* * * LOW HITPOINT WARNING * * *
Blork the orc freezes you.
* * * LOW HITPOINT WARNING * * *
Blork the orc points at you and mumbles some strange words.
The puff of frost hits you.
You die...

###
####......#..#
..#
######.#..##.###
####
#####.#........
...#
#...........#
...#
#...(.#.....#
...#
#.....##.#..#
...# #.....##.#
.# ...#
#.....##.# ...#
#.....##@# ...#
#.....##o# ####
########.# #.#
#.# #.. #.# ###


You could see Blork the orc (fast).

Vanquished Creatures
  Sigmund (D:2)
  Jessica (D:2)
  Natasha (thrice) (D:2)
  An orc wizard (D:4)
  3 gnolls (D:4)
  6 adders
  3 worms (D:3)
  2 dart slugs
  5 orcs
  6 ball pythons
  4 bats
  10 endoplasms
  2 giant cockroaches
  4 goblins
  6 hobgoblins
  8 jackals
  6 kobolds
  4 quokkas
  2 frilled lizards
  7 rats
84 creatures vanquished.

Notes
Turn   | Place    | Note
-------+----------+-------------------------------------------
     0 | D:1      | Queen the Formicid Fighter began the quest for the Orb.
     0 | D:1      | Reached XP level 1. HP: 18/18 MP: 1/1
   137 | D:1      | Found a faded altar of an unknown god.
   142 | D:1      | Reached XP level 2. HP: 22/24 MP: 2/2
   497 | D:1      | Found a faded altar of an unknown god.
  1006 | D:2      | Reached XP level 3. HP: 29/29 MP: 3/3
  1126 | D:2      | Reached XP level 4. HP: 32/37 MP: 4/4
  1216 | D:2      | Noticed Jessica
  1226 | D:2      | Reached skill level 1 in Throwing
  1233 | D:2      | Killed Jessica
  1413 | D:2      | Reached XP level 5. HP: 42/42 MP: 5/5
  1474 | D:2      | Noticed Sigmund
  1487 | D:2      | Killed Sigmund
  1488 | D:2      | Reached skill level 5 in Shields
  1488 | D:2      | Reached XP level 6. HP: 10/49 MP: 6/6
  1724 | D:2      | Noticed Natasha
  1729 | D:2      | Killed Natasha
  1785 | D:2      | Noticed Natasha
  1793 | D:2      | Killed Natasha
  1908 | D:2      | Noticed Natasha
  1915 | D:2      | Killed Natasha
  2521 | D:3      | Reached XP level 7. HP: 52/53 MP: 7/7
  3655 | D:4      | Noticed Blork the orc
  3662 | D:4      | Killed from afar by Blork the orc

Illustrated notes

Levels and vault maps discovered:
D:1:      roadster_arrival_rocket_large, layout_basic,
          ebering_ecumenical_altar_webs
D:2:      layout_basic, st_stairs_14, uniq_sigmund, uniq_natasha, uniq_jessica
D:3:      layout_loops_ring, grunt_ministairs_15
D:4:      layout_basic, kennysheep_mini_moat, uniq_blork_the_orc

Skill      XL: |  1  2  3  4  5 |
---------------+----------------+-----
Throwing       | 1 2 |  2.8
Fighting       | 4 |  4.8
Axes           | 3 |  3.7
Armour         | 4 |  4.7
Shields        | 5 |  5.8

Action                     |  1- 3 |  4- 6 |  7- 9 || total
---------------------------+-------+-------+-------++-------
  Melee: War axe           |    68 |    76 |    66 ||   210
Ability: Dig               |       |     2 |       ||     2
    Use: Potion            |       |     1 |       ||     1
         Scroll            |       |     1 |     3 ||     4
 Armour: Scale mail        |    75 |    40 |    57 ||   172
  Dodge: Dodged            |    55 |    29 |    38 ||   122
  Block: Buckler           |    23 |    30 |    19 ||    72

Table legend: (Time is in decaauts)
 A = Elapsed time spent in this place.
 B = Non-inter-level travel time spent in this place.
 C = Inter-level travel time spent in this place.
 D = Time resting spent in this place.
 E = Time spent auto-exploring this place.
 F = Levels seen in this place.
 G = Mean time per level.
                   A        B        C        D        E       F      G
               +--------+--------+--------+--------+--------+-----+--------+
         Total |   3741 |   3671 |     70 |    510 |   2577 |   4 |  935.2 |
       Dungeon |   3741 |   3671 |     70 |    510 |   2577 |   4 |  935.2 |
               +--------+--------+--------+--------+--------+-----+--------+

Top non-repeatable levels by time:
     D:2: 1334 daAuts
     D:1: 1067 daAuts
     D:3: 706 daAuts
     D:4: 632 daAuts
